 Dungeon Crawl Stone Soup version 0.18.1-48-g4cf74bf (webtiles) character file.

2803 Mesmaeker13 the Archer (level 9, -1/80 HPs)
             Began as a Centaur Hunter on Aug 15, 2016.
             Shot with a sling bullet by Joseph (5 damage)
             ... on level 7 of the Dungeon.
             The game lasted 00:19:11 (7139 turns).

Mesmaeker13 the Archer (Centaur Hunter)             Turns: 7139, Time: 00:19:11

Health: -1/80      AC:  7    Str: 16    XL:     9   Next: 44%
Magic:  9/9        EV: 14    Int: 10    God:
Gold:   326        SH:  0    Dex: 15    Spells: 0 memorised, 8 levels left

rFire  . . .     SeeInvis .     y - +3 quarterstaff (chaos)
rCold  . . .     Gourm    .     e - +0 ring mail
rNeg   . . .     Faith    .     (shield currently unavailable)
rPois  .         Spirit   .     z - +0 helmet
rElec  .         Dismiss  .     E - +0 cloak
rCorr  .         Reflect  .     (no gloves)
SustAt .         Harm     .     (no barding)
MR     .....                    (no amulet)
Stlth  ..........               o - +3 ring of dexterity
                                u - +3 ring of evasion

@: very quick, not resistant to hostile enchantments, extremely unstealthy
A: hooves 3, deformed body, speed 2, tough skin 3
a: no special abilities


You were on level 7 of the Dungeon.
You were hungry.

You visited 2 branches of the dungeon, and saw 8 of its levels.

You collected 326 gold pieces.

Inventory:

Hand Weapons
 a - a +1 shortbow
 j - a +2 dagger of venom
 n - a +0 blowgun
 y - a +3 quarterstaff of chaos (weapon)
Missiles
 d - 76 arrows
 s - 24 poisoned needles
 G - 6 curare-tipped needles
Armour
 e - a +0 ring mail (worn)
 z - a +0 helmet (worn)
 E - a +0 cloak (worn)
Magical Staves
 H - an uncursed staff of death {unknown}
Jewellery
 o - a +3 ring of dexterity (right hand)
 u - a +3 ring of evasion (left hand)
 C - an uncursed ring of sustain attributes
Wands
 D - a wand of lightning (0/15)
Scrolls
 b - a scroll of blinking {unknown}
 c - 2 scrolls of remove curse
 g - 2 scrolls of teleportation
 m - a scroll of amnesia {unknown}
 t - a scroll of fog
 v - a scroll of enchant armour
 x - a scroll of recharging {unknown}
 B - a scroll of enchant weapon
Potions
 h - a potion of degeneration
 k - a potion of berserk rage
 w - a potion of resistance
 F - a potion of might {unknown}
Miscellaneous
 p - a plain deck of defence {drawn: 2}
Comestibles
 f - 3 bread rations
 i - 3 meat rations
 l - a beef jerky
 q - 8 fruits
 r - a royal jelly
 I - 2 chunks of flesh


   Skills:
 + Level 7.7 Fighting
 + Level 11.0 Bows
 + Level 6.0 Dodging
 - Level 0.5 Stealth


You had 8 spell levels left.
You didn't know any spells.

Dungeon Overview and Level Annotations

Branches:
Dungeon (7/15)             Temple (1/1) D:6

Altars:
Cheibriados
Dithmenos
Elyvilon
Fedhas
Gozag
Kikubaaqudgha
Makhleb
Nemelex Xobeh
Pakellas
Qazlal
Sif Muna
Vehumet
Xom
Zin
The Shining One

Annotations:
D:3 1 runed door
D:4 Mesmaeker13's ghost, amateur CeHu
D:6 1 exclusion
D:7 Joseph


Innate Abilities, Weirdness & Mutations

You have hooves in place of feet.
Armour fits poorly on your strangely shaped body.
You cover ground very quickly.
You have extremely tough skin (AC +3).


Message History

You feel better.
Joseph hits you with an uncursed quarterstaff!
* * * LOW HITPOINT WARNING * * *
Read which item? (? for menu, Esc to quit)
Okay, then.
Drink which item? (? for menu, Esc to quit)
Okay, then.
Drink which item? (? for menu, Esc to quit)
You feel better.
Joseph hits you with an uncursed quarterstaff.
* * * LOW HITPOINT WARNING * * *
Joseph unwields an uncursed quarterstaff.
Joseph wields an uncursed hunting sling.
Joseph shoots a sling bullet.
The sling bullet hits you.
* * * LOW HITPOINT WARNING * * *
You see here a sling bullet.
There is an escape hatch in the ceiling here.
Joseph screams, "You must be punished!"
Joseph shoots a sling bullet.
The sling bullet hits you.
You die...

#.##.###. . ....... .##...#.#
......#.## ########
.........# #......# #.......#
#......# #.#..#.#####
#...[..#
..#.........<####......#
............))..@<(....#
.............#....()(..#
#.#.#.............#@####.##..
. #.##....).......#Ko.oh.....
.. #####........###..(.>...
..# #.....#### ####(.... #..
#.....# ...# #.. #.........
.(( ####......# .@.#


You could see Joseph and an orc.

Vanquished Creatures
  Grinder (D:3)
  Sigmund (D:3)
  2 ice beasts (D:6)
  A sky beast (D:6)
  6 orc warriors
  2 black bears (D:7)
  A phantom (D:6)
  2 centaurs (D:7)
  3 giant frogs (D:6)
  A big kobold (D:7)
  2 scorpions (D:6)
  An electric eel (D:6)
  2 crimson imps (D:6)
  A jelly (D:6)
  2 hounds
  An orc priest (D:6)
  Crazy Yiuf (D:6)
  A giant frog skeleton (D:6)
  2 iguanas
  4 orc wizards
  A centaur skeleton (D:4)
  6 worker ants
  A killer bee zombie (D:6)
  12 adders
  A shadow imp (D:5)
  4 worms
  3 giant geckos
  20 orcs
  5 bats
  A giant cockroach (D:3)
  9 goblins
  8 hobgoblins
  2 jackals (D:7)
  A quokka (D:3)
  A ball python (D:1)
  A giant gecko skeleton (D:5)
  6 giant newts
  13 kobolds
  8 rats
140 creatures vanquished.

Notes
Turn   | Place    | Note
--------------------------------------------------------------
     0 | D:1      | Mesmaeker13 the Centaur Hunter began the quest for the Orb.
     0 | D:1      | Reached XP level 1. HP: 17/17 MP: 1/1
   450 | D:1      | Reached XP level 2. HP: 22/24 MP: 2/2
  1305 | D:2      | Reached XP level 3. HP: 30/30 MP: 3/3
  1491 | D:2      | Found an oddly glowing altar of Pakellas.
  1569 | D:2      | Found a stormy altar of Qazlal.
  1698 | D:2      | Reached skill level 6 in Bows
  1698 | D:2      | Reached XP level 4. HP: 37/37 MP: 4/4
  1967 | D:3      | Found a glowing silver altar of Zin.
  1967 | D:3      | Noticed an angel
  1968 | D:3      | Found a runed door.
  2083 | D:3      | Noticed Sigmund
  2113 | D:3      | Killed Sigmund
  2113 | D:3      | Reached XP level 5. HP: 9/46 MP: 5/5
  2539 | D:3      | Found a burning altar of Makhleb.
  2584 | D:3      | Reached XP level 6. HP: 47/52 MP: 6/6
  2799 | D:3      | Found an opulent altar of Gozag.
  2828 | D:3      | Noticed Grinder
  2848 | D:3      | Paralysed by Grinder for 7 turns
  2851 | D:3      | Killed Grinder
  2851 | D:3      | Reached skill level 7 in Bows
  3036 | D:3      | Found a deep blue altar of Sif Muna.
  3443 | D:4      | Reached XP level 7. HP: 60/60 MP: 7/7
  3602 | D:4      | Noticed Mesmaeker13's ghost (amateur CeHu)
  3706 | D:5      | Entered Level 5 of the Dungeon
  3841 | D:5      | Found a snail-covered altar of Cheibriados.
  3863 | D:5      | Reached skill level 8 in Bows
  4650 | D:6      | Reached skill level 5 in Fighting
  5090 | D:6      | Found a sparkling altar of Nemelex Xobeh.
  5400 | D:6      | Reached XP level 8. HP: 39/69 MP: 8/8
  5465 | D:6      | Reached skill level 9 in Bows
  5911 | D:6      | Found a radiant altar of Vehumet.
  5965 | D:6      | Found a staircase to the Ecumenical Temple.
  5970 | Temple   | Entered the Ecumenical Temple
  6139 | D:6      | Reached skill level 5 in Dodging
  6263 | D:6      | Noticed Crazy Yiuf
  6298 | D:6      | Killed Crazy Yiuf
  6402 | D:6      | Reached skill level 10 in Bows
  6648 | D:6      | Reached XP level 9. HP: 60/79 MP: 9/9
  6802 | D:7      | Noticed Joseph
  7128 | D:7      | Reached skill level 11 in Bows
  7132 | D:7      | HP: 4/80 [Joseph/uncursed quarterstaff (10)]
  7134 | D:7      | HP: 1/80 [Joseph/uncursed quarterstaff (9)]
  7139 | D:7      | Shot with a sling bullet by Joseph

Skill      XL: |  1  2  3  4  5  6  7  8  9 |
---------------+----------------------------+-----
Dodging        | 2 3 4 5 6 |  6.0
Bows           | 6 7 8 10 11 | 11.0
Fighting       | 3 4 5 7 |  7.7
Stealth        | |  0.5

Action                   |  1- 3 |  4- 6 |  7- 9 || total
-------------------------+-------+-------+-------++-------
Melee: Short sword       |    56 |       |       ||    56
       Kick              |    10 |     9 |    62 ||    81
       Dagger            |    24 |    55 |   143 ||   222
       Quarterstaff      |       |       |    84 ||    84
 Fire: Shortbow          |    61 |    38 |   181 ||   280
       Blowgun           |       |       |    25 ||    25
Evoke: Wand              |       |       |     4 ||     4
       Deck              |       |       |     2 ||     2
  Use: Potion            |       |     4 |     4 ||     8
       Scroll            |       |     5 |     7 ||    12
  Eat: Chunk             |     1 |     5 |     8 ||    14
       Beef jerky        |       |       |     1 ||     1
Armor: Leather armour    |    31 |       |       ||    31
       Ring mail         |    32 |    23 |    74 ||   129
Dodge: Dodged            |    58 |    15 |   181 ||   254
